Cogmind - Beta 16 @@@ ROGUE MODE // 2025.11.03 @ 22:37:52 Player: knowler Result: Destroyed by H-66 Slayer with Gauss Rifle Performance ------------- Evolutions (5) 2500 Regions Visited (10) 2000 Robots Destroyed (39) 195 Value Destroyed (1544) 1544 Prototype IDs (4) 80 Alien Tech Used (0) 0 Bonus (258) 258 TOTAL SCORE: 6577 Bonus ------- High Alert Combat Kills 30 Follower Combat Kills 28 Entered Garrisons 200 Cogmind --------- Core Integrity 0/1000 Matter 300/300 Energy 62/100 System Corruption 0% Temperature Cool (0) Movement Hovering (70) Location -5/Factory Parts ------- > --- POWER (3) -------- (None) > --- PROPULSION (5) --- Gyrokinetic Inverter > --- UTILITY (5) ------ Improved System Shield > --- WEAPON (4) ------- (None) > --- INVENTORY (5) ---- Power Amplifier Hardlight Generator Wave Gun Peak State ------------ > --- POWER ------------ Light Angular Momentum Engine > --- PROPULSION ------- Gravmag System Gyrokinetic Inverter Linear Gravjet > --- UTILITY ---------- Transmission Jammer ECM Suite Improved Reaction Control System Improved System Shield Improved Recalibrator > --- WEAPON ----------- (None) > --- INVENTORY -------- Power Amplifier Hardlight Generator Wave Gun Wave Gun [Rating: 44] Favorites ----------- Power Light Nuclear Core Engine Heavy Ion Engine Power Core Light Nuclear Core Propulsion Advanced Treads Treads Advanced Treads Leg Carbon-fiber Leg Wheel Compact Wheel Hover Unit Gyrokinetic Inverter Utility Transmission Jammer Device Transmission Jammer Storage Small Storage Unit Processor Visual Processing Unit Hackware Improved System Shield Protection Heavy Armor Plating Weapon Great Axe Energy Gun Field Laser Energy Cannon Plasma Cannon Ballistic Gun Light Assault Rifle Launcher Improved Grenade Launcher Slashing Weapon Great Axe Build | -11 -10 -10 -9 -9 -8 -8 -8 -8 -6 -5 ------- Run | Yrd Mat Min Mat Min Mat Sto Gar Rec Fac Fac Slots Evolved 10 | . . . 2 . 2 . . . 4 2 Power 2 | . . . . . . . . . 1 1 Propulsion 3 | . . . 1 . 1 . . . . 1 Utility 3 | . . . 1 . 1 . . . 1 . Weapon 2 | . . . . . . . . . 2 . Parts Attached 64 | 6 5 5 6 1 13 4 12 . 7 5 Power 8 | 1 . 1 1 . 1 . 3 . 1 . Engine 4 | 1 . 1 1 . . . . . 1 . Core 4 | . . . . . 1 . 3 . . . Reactor . | . . . . . . . . . . . Propulsion 20 | 2 2 2 3 . 1 . 5 . 2 3 Treads 7 | . 2 . 3 . 1 . 1 . . . Leg 8 | . . 2 . . . . 4 . 2 . Wheel 2 | 2 . . . . . . . . . . Hover 3 | . . . . . . . . . . 3 Flight . | . . . . . . . . . . . Utility 17 | 1 1 1 1 . 4 2 3 . 3 1 Device 9 | . . 1 . . 1 1 2 . 3 1 Storage 3 | 1 1 . 1 . . . . . . . Processor 1 | . . . . . 1 . . . . . Hackware 1 | . . . . . . . 1 . . . Protection 3 | . . . . . 2 1 . . . . Artifact . | . . . . . . . . . . . Weapon 19 | 2 2 1 1 1 7 2 1 . 1 1 Energy Gun 3 | . 1 . . . 1 . . . . 1 Energy Cannon 4 | . . . 1 . 2 1 . . . . Ballistic Gun 6 | 2 1 . . . 1 . 1 . 1 . Ballistic Cannon . | . . . . . . . . . . . Launcher 2 | . . . . . 2 . . . . . Special Weapon . | . . . . . . . . . . . Impact Weapon . | . . . . . . . . . . . Slashing Weapon 4 | . . 1 . 1 1 1 . . . . Piercing Weapon . | . . . . . . . . . . . Special Melee Weapon . | . . . . . . . . . . . Unidentified Prototypes 4 | . . 1 2 . 1 . . . . . Parts Lost 24 | . . . . . 2 1 11 . 2 8 Power 3 | . . . . . . . 1 . 1 1 Propulsion 8 | . . . . . . 1 4 . 1 2 Utility 9 | . . . . . 2 . 3 . . 4 Weapon 4 | . . . . . . . 3 . . 1 Highest Loss Streak 8 | . . . . . 1 1 5 . 2 8 To Critical Strikes . | . . . . . . . . . . . Average Backups 4 | 2 9 6 6 7 4 3 4 4 2 3 Power . | 1 1 . . 1 . . . 1 . . Propulsion . | 1 3 2 1 1 . . . . . . Utility 1 | . 1 . 1 2 1 1 1 2 2 1 Weapon 2 | . 3 3 2 3 3 2 1 1 . 2 Tool/Special . | . . . . . . . . . . . Unused Backups 15 | . . 2 1 . 5 . . . . 7 Power . | . . . . . . . . . . . Propulsion . | . . . . . . . . . . . Utility 9 | . . 1 1 . 3 . . . . 4 Weapon 6 | . . 1 . . 2 . . . . 3 Tool/Special . | . . . . . . . . . . . Average Slot Usage (%) 72 | . 72 83 84 88 86 82 68 54 59 41 Engine 4 | . 10 12 11 11 5 . . . 2 3 Core 4 | . . . . . 3 9 8 9 2 . Treads 17 | . 3 8 25 33 33 28 17 . . . Leg 4 | . . 19 4 . . . 4 18 15 . Wheel 1 | . 20 . . . . . . . . . Device 9 | . . 9 11 11 6 9 9 9 19 18 Storage 3 | . 14 4 10 11 3 . . . . . Processor 3 | . . . . . 8 9 5 . . . Hackware 1 | . . . . . . . . 9 6 5 Protection 3 | . . . . . 7 9 5 . . . Energy Cannon 3 | . . . 3 11 3 9 3 . . . Ballistic Gun 4 | . 21 14 7 . . . 2 . 5 . Slashing Weapon 7 | . . 14 11 11 9 9 8 9 6 . Peak Build Rating 44 | 6 7 19 32 35 42 33 41 24 41 44 Average Rating 28 | 3 5 15 27 32 36 31 30 23 32 33 On Entrance 22 | . 6 6 19 32 35 29 33 22 24 41 Avg Prop Armor Cover (%) . | . . . . . . . . . . . Naked Turns 3 | . . . . . . . 3 . . . Heaviest Build 86 | 10 85 86 27 28 33 32 38 10 27 27 Greatest Support 96 | 26 40 40 66 66 88 88 96 30 45 45 Greatest Overweight (x) 26 | 2 26 2 . . . . 6 . 1 1 Average Overweight (x) . | . 3 . . . . . . . . . Largest Inventory Capacity 25 | 8 25 25 8 8 8 5 5 5 5 5 Average Capacity 7 | 7 24 11 7 8 6 5 5 5 5 5 Most Carried 12 | 6 11 12 8 8 8 5 5 5 5 5 Average Carried 4 | 2 9 5 6 7 4 3 4 4 2 3 Final Capacity 25 | 8 25 5 8 8 5 5 5 5 5 5 Final Carried 11 | 6 11 4 7 8 5 3 2 5 4 3 Class Distribution -------------------- 85% | Mutant 8% | Infiltrator-Mutant 5% | Scavenger-Mutant Dominant Class ---------------- Mutant | -10/Materials Mutant | -10/Mines Mutant | -9/Materials Mutant | -9/Mines Mutant | -8/Materials Mutant | -8/Storage Mutant | -8/Garrison Mutant | -8/Recycling Scavenger-Mutant | -6/Factory Infiltrator-Mutant | -5/Factory Resources | -11 -10 -10 -9 -9 -8 -8 -8 -8 -6 -5 ----------- Run | Yrd Mat Min Mat Min Mat Sto Gar Rec Fac Fac Matter Collected 1542 | 210 47 . 93 129 232 107 436 . 177 111 Remotely . | . . . . . . . . . . . Salvage Created 1229 | . 47 . . . 426 152 427 . 177 . Parts 66 | . 4 . . . 20 5 27 . 10 . Haulers Intercepted . | . . . . . . . . . . . Recyclers Shooed . | . . . . . . . . . . . Parts Field Recycled . | . . . . . . . . . . . Retrieved Matter . | . . . . . . . . . . . Parts Self-Destructed . | . . . . . . . . . . . Prevented . | . . . . . . . . . . . Parts Restored . | . . . . . . . . . . . Kills | -11 -10 -10 -9 -9 -8 -8 -8 -8 -6 -5 ------- Run | Yrd Mat Min Mat Min Mat Sto Gar Rec Fac Fac Combat Hostiles Destroyed 37 | . 1 . . . 14 4 15 . 3 . Melee 12 | . . . . . 1 1 7 . 3 . Guns 5 | . 1 . . . . . 4 . . . Cannons 7 | . . . . . 5 2 . . . . AOE 13 | . . . . . 8 1 4 . . . Classes Destroyed 8 | . 2 . . . 3 1 1 . 1 . Recycler 1 | . . . . . 1 . . . . . Operator 1 | . 1 . . . . . . . . . Swarmer 12 | . . . . . 4 . 8 . . . Grunt 17 | . 1 . . . 8 3 3 . 2 . Brawler 2 | . . . . . 2 . . . . . Duelist 1 | . . . . . . . . . 1 . Sentry 2 | . . . . . . 1 1 . . . Hunter 3 | . . . . . . . 3 . . . Best Kill Streak 9 | . 1 . . . 9 2 4 . 2 . Combat Bots Only 8 | . 1 . . . 8 2 4 . 2 . Max Kills in Single Turn 4 | . 1 . . . 3 1 4 . 1 . Gunslinging . | . . . . . . . . . . . Exploded 4 | . . . . . 2 1 4 . . . Melee 1 | . . . . . 1 1 1 . 1 . Uniques/NPCs Destroyed . | . . . . . . . . . . . Combat | -11 -10 -10 -9 -9 -8 -8 -8 -8 -6 -5 -------- Run | Yrd Mat Min Mat Min Mat Sto Gar Rec Fac Fac Hostile Shots Fired 466 | . 18 . 9 5 83 56 190 . 19 86 Missed 156 | . 8 . 4 1 26 20 53 . 7 37 Hits 310 | . 10 . 5 4 57 36 137 . 12 49 Melee 4 | . . . . . 2 . . . 2 . Projectile 306 | . 10 . 5 4 55 36 137 . 10 49 Critical Strikes 17 | . . . . 1 4 . 7 . 2 3 Damage Taken 5217 | . 123 . 143 29 979 553 1698 . 263 1429 Core 1552 | . 12 . 10 . 36 82 407 . . 1005 Absorbed by Shields . | . . . . . . . . . . . Core Remaining (%) 79 | 100 . 95 . 97 . . . 4 100 . Volleys Fired 90 | . 11 . . 1 29 13 32 . . 4 Largest 2 | . 2 . . 1 1 1 1 . . 1 Hottest 81 | . 40 . . 68 68 80 80 . . 81 Shots Fired 107 | . 22 . . 1 30 14 36 . . 4 Gun 52 | . 22 . . . 2 . 24 . . 4 Cannon 41 | . . . . 1 21 12 7 . . . Launcher 14 | . . . . . 7 2 5 . . . Special . | . . . . . . . . . . . Kinetic 46 | . 22 . . . . . 24 . . . Thermal 33 | . . . . 1 9 12 7 . . 4 Explosive 14 | . . . . . 7 2 5 . . . Electromagnetic 14 | . . . . . 14 . . . . . Robot Hit Streak 9 | . 4 . . . 3 9 6 . . 3 Robot Miss Streak 3 | . 3 . . 1 2 2 3 . . 1 Penetration Max 1 | . . . . . . . 1 . . . Secondary Targets . | . . . . . . . . . . . Shots Hit Robots 104 | . 12 . . . 24 17 42 . 6 3 Core Hits 64 | . 5 . . . 28 6 20 . 5 . Critical Kills . | . . . . . . . . . . . Critical Parts Destroyed . | . . . . . . . . . . . Critical Strikes 4 | . . . . . . . 4 . . . Sever 4 | . . . . . . . 4 . . . Melee Attacks 59 | . . . . . 4 6 41 . 8 . Impact . | . . . . . . . . . . . Slashing 59 | . . . . . 4 6 41 . 8 . Piercing . | . . . . . . . . . . . Sneak Attacks . | . . . . . . . . . . . Combat Hostiles . | . . . . . . . . . . . Follow-up Attacks . | . . . . . . . . . . . Damage Inflicted 4082 | . 117 . . . 1336 793 1541 . 223 72 Guns 537 | . 94 . . . . . 371 . . 72 Cannons 620 | . . . . . 341 230 49 . . . Explosions 1467 | . . . . . 911 318 238 . . . Melee 1434 | . . . . . 84 245 882 . 223 . Ramming 24 | . 23 . . . . . 1 . . . Kinetic 465 | . 94 . . . . . 371 . . . Thermal 453 | . . . . . 102 230 49 . . 72 Explosive 1467 | . . . . . 911 318 238 . . . Electromagnetic 239 | . . . . . 239 . . . . . Impact . | . . . . . . . . . . . Slashing 1434 | . . . . . 84 245 882 . 223 . Piercing . | . . . . . . . . . . . Highest Corruption 7 | . . . . . 7 7 7 7 . . Average Corruption 6 | . . . . . 5 7 7 7 . . Corruption Purged . | . . . . . . . . . . . Corruption Blocked . | . . . . . . . . . . . Effects 58 | . . . . . 14 7 33 4 . . Message Errors 19 | . . . . . 4 1 13 1 . . Matter Fused 10 | . . . . . 3 1 5 1 . . Heat Flow Errors 5 | . . . . . . . 5 . . . Energy Discharges 8 | . . . . . 4 1 2 1 . . Parts Rejected 1 | . . . . . . . 1 . . . Data Loss (minor) 6 | . . . . . 1 3 1 1 . . Data Loss (major) 1 | . . . . . . . 1 . . . Misfires 6 | . . . . . 1 1 4 . . . Alerts 2 | . . . . . 1 . 1 . . . Overload Shots . | . . . . . . . . . . . Overflow Damage 55 | . 13 . . . 1 32 9 . . . Projectiles 1 | . . . . . 1 . . . . . Explosions 4 | . . . . . . 4 . . . . Melee 50 | . 13 . . . . 28 9 . . . Knockbacks 1 | . 1 . . . . . . . . . Impact 1 | . 1 . . . . . . . . . Kinetic . | . . . . . . . . . . . Secondary . | . . . . . . . . . . . Self-Inflicted Damage 84 | . 11 . . . 73 . . . . . Shots 2 | . . . . . 2 . . . . . Rammed 2 | . 1 . . . . . 1 . . . Targets Rammed 2 | . 1 . . . . . 1 . . . Kicked . | . . . . . . . . . . . Crushed . | . . . . . . . . . . . Highest Temperature 294 | . 6 . . 24 200 294 259 . . 115 Average Temperature 90 | . 6 . . 13 82 130 86 . . 60 Received Heat Transfer 1401 | . 60 . . . 369 261 414 . 126 171 Effects 2 | . . . . . . 1 1 . . . Energy Bleed 1 | . . . . . . 1 . . . . Interference 1 | . . . . . . . 1 . . . Siege Activations . | . . . . . . . . . . . Martial Activations . | . . . . . . . . . . . Shielding Activations . | . . . . . . . . . . . Robots Disrupted . | . . . . . . . . . . . Combat Hostiles . | . . . . . . . . . . . Robots Corrupted . | . . . . . . . . . . . Combat Hostiles . | . . . . . . . . . . . Parts Fried . | . . . . . . . . . . . Impact Corruptions 1 | . 1 . . . . . . . . . Robots Melted . | . . . . . . . . . . . Combat Hostiles . | . . . . . . . . . . . Parts Melted . | . . . . . . . . . . . Heat Transferred 846 | . . . . . 185 450 100 . . 111 Parts Sabotaged . | . . . . . . . . . . . Parts Stolen . | . . . . . . . . . . . Parts Stripped . | . . . . . . . . . . . Power Chain Reactions . | . . . . . . . . . . . Alert | -11 -10 -10 -9 -9 -8 -8 -8 -8 -6 -5 ------- Run | Yrd Mat Min Mat Min Mat Sto Gar Rec Fac Fac Maximum Alert Level 2 | . . . . . 1 . 2 . . . Low Security (%) 79 | 100 100 100 100 100 79 100 39 100 100 100 Level 1 15 | . . . . . 20 . 42 . . . Level 2 5 | . . . . . . . 18 . . . Level 3 . | . . . . . . . . . . . Level 4 . | . . . . . . . . . . . Level 5 . | . . . . . . . . . . . High Security . | . . . . . . . . . . . Max Security . | . . . . . . . . . . . Peak Influence 428 | . 30 . . 68 276 145 428 187 40 50 Initial 187 | . . . . . 6 94 64 187 40 . Average 101 | . 2 . . 19 60 115 266 144 11 5 Influence Increases 1380 | . 40 . . 98 458 145 474 . 70 95 Destroy 0b10 Robot/C 820 | . 20 . . 80 280 80 300 . 60 . Destroy 0b10 Robot/NC 10 | . 5 . . . 5 . . . . . Destroy Leader 100 | . 10 . . 10 50 10 10 . 10 . Allied During Kill 8 | . . . . 8 . . . . . . Successful Hack 32 | . 5 . . . 4 4 14 . . 5 Disable Machine 45 | . . . . . 45 . . . . . Anti-Garrison Action 50 | . . . . . . . 50 . . . Destroy Structure 105 | . . . . . 44 21 40 . . . Lose Combat Pursuer 210 | . . . . . 30 30 60 . . 90 Influence Decreases 1380 | . 40 . . 80 251 271 155 321 167 95 Entered New Map 466 | . . . . . 12 131 35 231 57 . Time Decay 614 | . 40 . . 60 169 130 . 90 90 35 Lost Part 210 | . . . . . 10 10 110 . 20 60 Lost Ally 90 | . . . . 20 60 . 10 . . . Squads Dispatched 7 | . 2 . 1 . 1 . . . . 3 Investigation 1 | . . . . . 1 . . . . . Extermination 1 | . . . . . . . . . . 1 Reinforcement 5 | . 2 . 1 . . . . . . 2 Assault . | . . . . . . . . . . . Garrison . | . . . . . . . . . . . Intercept . | . . . . . . . . . . . Searches Triggered . | . . . . . . . . . . . Construction Impeded . | . . . . . . . . . . . Haulers Reinforced . | . . . . . . . . . . . Active Scanning Responses . | . . . . . . . . . . . Cargo Convoy Interrupts . | . . . . . . . . . . . Stealth | -11 -10 -10 -9 -9 -8 -8 -8 -8 -6 -5 --------- Run | Yrd Mat Min Mat Min Mat Sto Gar Rec Fac Fac Distress Signals 3 | . . . . . 1 . 1 . . 1 Communications Jammed 23 | . . . . . . . 23 . . . Distress Signals 23 | . . . . . . . 23 . . . Times Spotted 92 | . 7 1 7 4 26 9 17 . 3 18 Peak Tracking Total 10 | . 2 1 5 4 7 5 9 . 3 10 Tactical Retreats 9 | . . . . . 2 2 2 . . 3 Traps | -11 -10 -10 -9 -9 -8 -8 -8 -8 -6 -5 ------- Run | Yrd Mat Min Mat Min Mat Sto Gar Rec Fac Fac Traps Triggered 8 | . 3 . . . . . 5 . . . Indirectly . | . . . . . . . . . . . Trap Hack Attempts . | . . . . . . . . . . . Triggered . | . . . . . . . . . . . Disarmed . | . . . . . . . . . . . Reprogrammed . | . . . . . . . . . . . Reused . | . . . . . . . . . . . Traps Extracted . | . . . . . . . . . . . Installed . | . . . . . . . . . . . Triggered . | . . . . . . . . . . . Machines | -11 -10 -10 -9 -9 -8 -8 -8 -8 -6 -5 ---------- Run | Yrd Mat Min Mat Min Mat Sto Gar Rec Fac Fac Machines Disabled 4 | . . . . . 3 . 1 . . . Max in Single Turn 2 | . . . . . 2 . 1 . . . Garrison Relay 1 | . . . . . . . 1 . . . Machines Repaired . | . . . . . . . . . . . Machines Dismantled . | . . . . . . . . . . . Machines Sabotaged . | . . . . . . . . . . . Overloaded Fab Kills . | . . . . . . . . . . . Hacking | -11 -10 -10 -9 -9 -8 -8 -8 -8 -6 -5 --------- Run | Yrd Mat Min Mat Min Mat Sto Gar Rec Fac Fac Machines Accessed 9 | . 1 1 . . 1 1 1 2 . 2 Terminals 4 | . 1 . . . 1 . 1 . . 1 Fabricators 1 | . . . . . . . . . . 1 Repair Stations . | . . . . . . . . . . . Recycling Units 2 | . . . . . . . . 2 . . Scanalyzers . | . . . . . . . . . . . Garrison Access 1 | . . . . . . 1 . . . . Total Hacks 17 | . 2 1 . . 3 1 2 4 . 4 Successful 12 | . 1 1 . . 2 1 1 4 . 2 Failed 5 | . 1 . . . 1 . 1 . . 2 Catastrophic . | . . . . . . . . . . . Database Lockouts . | . . . . . . . . . . . Manual . | . . . . . . . . . . . Terminals 8 | . 2 . . . 3 . 2 . . 1 Fabricators 3 | . . . . . . . . . . 3 Repair Stations . | . . . . . . . . . . . Recycling Units 4 | . . . . . . . . 4 . . Scanalyzers . | . . . . . . . . . . . Garrison Access 1 | . . . . . . 1 . . . . Terminal Hacks 6 | . 1 1 . . 2 . 1 . . 1 Record 2 | . . . . . 2 . . . . . Open Door 1 | . . 1 . . . . . . . . Open DSF 1 | . . . . . . . . . . 1 Hauler Manifests 1 | . 1 . . . . . . . . . Patrol Navigation 1 | . . . . . . . 1 . . . Fabricator Hacks 1 | . . . . . . . . . . 1 Network Status 1 | . . . . . . . . . . 1 Repair Station Hacks . | . . . . . . . . . . . Recycling Unit Hacks 4 | . . . . . . . . 4 . . Process 1 | . . . . . . . . 1 . . Report Inventory 2 | . . . . . . . . 2 . . Retrieve Components 1 | . . . . . . . . 1 . . Scanalyzer . | . . . . . . . . . . . Garrison Access Hacks 1 | . . . . . . 1 . . . . Unlock Access 1 | . . . . . . 1 . . . . Unauthorized Hacks . | . . . . . . . . . . . Terminals . | . . . . . . . . . . . Fabricators . | . . . . . . . . . . . Repair Stations . | . . . . . . . . . . . Recycling Units . | . . . . . . . . . . . Scanalyzers . | . . . . . . . . . . . Garrison Access . | . . . . . . . . . . . Data Cores Recovered . | . . . . . . . . . . . Used . | . . . . . . . . . . . Hacking Detections 3 | . . . . . 1 1 . 1 . . Full Trace Events 1 | . . . . . 1 . . . . . Feedback Events . | . . . . . . . . . . . Feedback Blocked . | . . . . . . . . . . . Robot Schematics Acquired . | . . . . . . . . . . . Robots Built . | . . . . . . . . . . . Authchips . | . . . . . . . . . . . Time . | . . . . . . . . . . . Total Robot Build Rating . | . . . . . . . . . . . Part Schematics Acquired . | . . . . . . . . . . . Parts Built . | . . . . . . . . . . . Authchips . | . . . . . . . . . . . Time . | . . . . . . . . . . . Total Part Build Rating . | . . . . . . . . . . . Part Studies Acquired . | . . . . . . . . . . . Parts Repaired . | . . . . . . . . . . . Time . | . . . . . . . . . . . Parts Recycled . | . . . . . . . . . . . Recycled Matter . | . . . . . . . . . . . Retrieved Matter . | . . . . . . . . . . . Retrieved Components 1 | . . . . . . . . 1 . . Parts Scanalyzed . | . . . . . . . . . . . Part Schematics Acquired . | . . . . . . . . . . . Parts Damaged . | . . . . . . . . . . . Bothacking | -11 -10 -10 -9 -9 -8 -8 -8 -8 -6 -5 ------------ Run | Yrd Mat Min Mat Min Mat Sto Gar Rec Fac Fac Used RIF Installer . | . . . . . . . . . . . Robots Hacked . | . . . . . . . . . . . Non-combat . | . . . . . . . . . . . Combat . | . . . . . . . . . . . Robot Hacks Applied . | . . . . . . . . . . . Relay Couplers Released 5 | . . . . . . . 5 . . . Machine Destruction 5 | . . . . . . . 5 . . . Fabnet Peak Effective % . | . . . . . . . . . . . Robots Rewired . | . . . . . . . . . . . Allies Hacked . | . . . . . . . . . . . Hacks Repelled . | . . . . . . . . . . . Allies | -11 -10 -10 -9 -9 -8 -8 -8 -8 -6 -5 -------- Run | Yrd Mat Min Mat Min Mat Sto Gar Rec Fac Fac Total Allies 2 | . . . . 2 . . . . . . Largest Group 2 | . . . . 2 1 . . . . . Highest-Rated Group 46 | . . . . 46 15 . . . . . Highest-Rated Ally 31 | . . . . 31 15 . . . . . Initial Warlord ECA Mod 1 | . . . . . . . . 1 . . Total Orders . | . . . . . . . . . . . Ally Attacks 23 | . . . 4 9 10 . . . . . Total Damage 152 | . . . . 152 . . . . . . Kills 4 | . . . . 4 . . . . . . Allies Corrupted . | . . . . . . . . . . . Allies Melted . | . . . . . . . . . . . Intel | -11 -10 -10 -9 -9 -8 -8 -8 -8 -6 -5 ------- Run | Yrd Mat Min Mat Min Mat Sto Gar Rec Fac Fac Active Infowar (turns) 1981 | . . . . . 694 273 688 186 140 . Optics 1526 | . . . . . 694 273 559 . . . Terrain 50 | . . . . . 50 . . . . . Jamming 1287 | . . . . . . 273 688 186 140 . ECM 27 | . . . . . . . . . 27 . Robot Analysis Total . | . . . . . . . . . . . Derelict Logs Recovered . | . . . . . . . . . . . Drone Launches 18 | . . . 4 . 12 . 2 . . . Drone Recoveries 1 | . . . . . . . 1 . . . Exploration | -11 -10 -10 -9 -9 -8 -8 -8 -8 -6 -5 ------------- Run | Yrd Mat Min Mat Min Mat Sto Gar Rec Fac Fac Turns Passed 4003 | 69 381 179 222 267 695 273 1112 186 338 281 Spaces Moved 2646 | 54 200 102 145 182 378 154 613 153 233 432 Core 48 | 25 4 . . . . . 19 . . . Treads 1253 | . 13 9 114 182 378 154 403 . . . Legs 705 | . . 93 31 . . . 191 153 233 4 Wheels 212 | 29 183 . . . . . . . . . Hover 428 | . . . . . . . . . . 428 Flight . | . . . . . . . . . . . Fastest Speed 48 | 50 90 120 120 145 145 145 50 120 120 48 Average Speed 127 | 95 169 137 139 145 145 145 142 120 124 59 Slowest Speed 1350 | 150 1350 320 145 145 145 145 350 120 190 120 Overloaded Moves . | . . . . . . . . . . . Propulsion Burnouts . | . . . . . . . . . . . Robots Hopped . | . . . . . . . . . . . Potential Cave-ins 1 | . . . . . . . 1 . . . Cave-ins Triggered . | . . . . . . . . . . . Exploration Rate (%) 29 | 4 32 30 13 53 54 19 56 48 6 13 Regions Visited 10 Branch Regions 4 Pre-discovered Areas 1 | . . . . 1 . . . . . . Known Exits Taken 1 | . . . . . . 1 . . . . Unknown Exits Taken 8 | 1 1 1 1 1 1 . . 1 1 . Scrap Searched . | . . . . . . . . . . . Spaces Dug . | . . . . . . . . . . . Terrain Destroyed 135 | . . . . . 42 24 69 . . . Melee . | . . . . . . . . . . . Projectile 4 | . . . . . . 2 2 . . . AOE 131 | . . . . . 42 22 67 . . . Terrain Rammed . | . . . . . . . . . . . Walls Destroyed . | . . . . . . . . . . . Machines Disabled . | . . . . . . . . . . . Actions | -11 -10 -10 -9 -9 -8 -8 -8 -8 -6 -5 --------- Run | Yrd Mat Min Mat Min Mat Sto Gar Rec Fac Fac Total 3092 | 71 225 137 165 184 496 180 752 155 268 459 Wait 103 | . . 24 . . 38 . 28 . 13 . Move 2634 | 53 199 101 144 181 377 153 610 152 232 432 Hop . | . . . . . . . . . . . Pick Up 85 | 12 9 2 10 1 17 1 15 3 7 8 Fast Attach . | . . . . . . . . . . . Attach 45 | 6 4 2 2 . 5 2 12 . 7 5 Detach . | . . . . . . . . . . . Swap 32 | . 1 7 4 1 9 3 7 . . . Drop 42 | . . 1 5 . 17 2 6 . 1 10 Fire 90 | . 11 . . 1 29 13 32 . . 4 Melee 59 | . . . . . 4 6 41 . 8 . Ram 2 | . 1 . . . . . 1 . . . Kick . | . . . . . . . . . . . Crush . | . . . . . . . . . . . Escape Stasis . | . . . . . . . . . . . Rewire . | . . . . . . . . . . . Trap . | . . . . . . . . . . . Miscellaneous . | . . . . . . . . . . . Route ------- -11/Scrapyard -10/Materials -10/Mines -9/Materials -9/Mines -8/Materials -8/Storage -8/Garrison (discovered 2 exits: *Rec x2) -8/Recycling -6/Factory -5/Factory History --------- Turn | Location | Event 5 | -11/Scrapyard | Discovered new exit (range 15) 70 | -11/Scrapyard | Entered Materials 311 | -10/Materials | Build established: Mutant 408 | -10/Materials | Discovered new exit (range 9) 451 | -10/Materials | Entered Mines 492 | -10/Mines | Found the Drone Emporium 507 | -10/Mines | Found Prototype Device 508 | -10/Mines | Identified Bomb Drone Bay 569 | -10/Mines | Assembled infested the area 620 | -10/Mines | Discovered new exit (range 5) 630 | -10/Mines | Entered Materials 630 | -9/Materials | Evolved 2 slots: Propulsion x1, Utility x1 835 | -9/Materials | Discovered new exit (range 13) 852 | -9/Materials | Entered Mines 1060 | -9/Mines | Discovered new exit (range 12) 1073 | -9/Mines | A weapon hastily lodged in a ceiling crevice suddenly fell to the ground 1086 | -9/Mines | Learned location of Storage (-8) 1119 | -9/Mines | Entered Materials 1119 | -8/Materials | Accompanied by 1 ally 1119 | -8/Materials | Evolved 2 slots: Propulsion x1, Utility x1 1499 | -8/Materials | Lost 9 allies 1692 | -8/Materials | Destroyed 8 combat bots 1778 | -8/Materials | Discovered new exit (range 12) 1814 | -8/Materials | Entered Storage 2060 | -8/Storage | Identified exit to Garrison 2087 | -8/Storage | Entered Garrison 2203 | -8/Garrison | Discovered new exit (range 12) 2245 | -8/Garrison | Attempted to access garrison exit controls, blocked by remote lockdown 2279 | -8/Garrison | Triggered checkpoint 2933 | -8/Garrison | Core integrity fell below 50% 2989 | -8/Garrison | Triggered checkpoint 3025 | -8/Garrison | Discovered new exit (range 12) 3136 | -8/Garrison | Core integrity fell below 20% 3163 | -8/Garrison | Lost 5 parts (1p2n2w) 3199 | -8/Garrison | Entered Recycling 3200 | -8/Recycling | Met a Zionite searching for Scraptown 3342 | -8/Recycling | Discovered new exit (range 16) 3385 | -8/Recycling | Entered Factory 3385 | -6/Factory | Evolved 4 slots: Power x1, Utility x1, Weapon x2 3605 | -6/Factory | Discovered new exit (range 8) 3723 | -6/Factory | Entered another Factory area 3723 | -5/Factory | Evolved 2 slots: Power x1, Propulsion x1 3965 | -5/Factory | Core integrity fell below 50% 3999 | -5/Factory | Core integrity fell below 20% 4004 | -5/Factory | Destroyed by H-66 Slayer with Gauss Rifle Last Messages --------------- Knocked back. W-25 Informer sends out distress signal. H-71 Marshal calls for reinforcements. ALERT: Hostile activity reported, dispatching reinforcements to area. Critical hit (Burn: +37). Penetrated by Slug. Acquired 8 matter. Critical hit (Burn: +37). ECM Suite destroyed. Knocked back. Wave Gun destroyed. Critical hit (Burn: +37). Slug penetrates Wall. Transmission Jammer destroyed. Slug penetrates Wall. Knocked back. U-05 Engineer builds a Wall. Penetrated by Slug. U-05 Engineer builds a Wall. Penetrated by Slug. Map ----- +----------------------------------------------------+ | ?????????????????????????????????????????????????? | | ?????????????????????????????????????????????????? | | ?????????????????????????????????????????????????? | | ?????????????????????????????????????????????????? | | ?????????????????????????????????????????????????? | | ?????????????????????????????????????????????????? | | ?????????????????????????????????????????????????? | | ?????????????????????????????????????????????????? | | ?????????????????????????????????????????????????? | | ?????????????????????????????????????????????????? | | ??????????????????????? ?????????????????????? | | ??????????????????????? #???????????????????? | | ??????????????????????? #???????????????????? | | ??????????????????????? #???????????????????? | | ???????????????????????# #???????????????????? | | ???????????????????????# ######??????????????? | | ???????????????????????# A ???????????????? | | ???????????????????????# k ????????????????? | | ???????????????????????# ?????????????????? | | ???????????????????????# ??????????????????? | | ???????????????????????# w???????????????????? | | ???????????????????????# #???????????????????? | | ???????????????????????# #???????????????????? | | ???????????????????????# #???????????????????? | | ???????????????????????# #???????????????????? | | ???????????????????????# @ #???????????????????? | | ???????????????????????#u #???????????????????? | | ????????################ ###?????????????????? | | ????????# % # ################### | | ????????# # | | ????????# """ """ # | | ????????# """ """ #g | | ????????# """ """ Hu h | | ????????# g#u h A % | | ????????# """ """ !#% % % | | ????????# """ """ # %% % % | | ????????# """ """ # ####### T########## | | ????????# ###########???######????????? | | ????????# [ #??????####?????????????????? | | ????????# #???????????????????????????? | | ????????##############???????????????????????????? | | ?????????????????????????????????????????????????? | | ?????????????????????????????????????????????????? | | ?????????????????????????????????????????????????? | | ?????????????????????????????????????????????????? | | ?????????????????????????????????????????????????? | | ?????????????????????????????????????????????????? | | ?????????????????????????????????????????????????? | | ?????????????????????????????????????????????????? | | ?????????????????????????????????????????????????? | +----------------------------------------------------+ Best States ------------- Heat Dissipation 40 Energy Generation 25 Energy Capacity 280 Matter Stores 300 Matter Capacity 300 Sight Range 18 Terrain Scan Range 16 Terrain Scan Density 10 ECM Strength 1 Jamming Range 12 Armor Coverage 600 Evasion (%) 65 Recoil Reduction 4 Defensive Hacking 12 Authchip Count 2 Item Schematics ----------------- None Robot Schematics ------------------ None Fabricated ------------ Nothing Repaired ---------- Nothing Studied --------- None Alien Tech Used ----------------- None Achievements -------------- For Emergencies Only No Signal Organ Harvest Spot Them First Total Silence Challenges ------------ None Game ------ Seed RemoteWaveHarness Manual? 0 Play Time 00:48:50 Cumulative 3.9 hours Start 2025.11.01 @ 14:17:58 End 2025.11.03 @ 22:37:52 Sessions 1 Manual Loads 0 Difficulty Rogue Special Mode None Game No. 10 Rogue 10 Adventurer 0 Explorer 0 Win Type - Total 0 Types 0/0/0/0/0/0/0/0/0/0 Lore% 4 Gallery% 14 Achievement% 10 Wizard Run 0 Options --------- Layout 1 ASCII 0 Keyboard 0 Movement Numpad Keybinds 0 Fullscreen 1 Font 32/SmallcapsGlow Map View 77x35 Zoom Use 0% Tactical HUD 0 Map Filters NONE Filters NONE Steam 1 RUN: 01d258da-5ae8-4c06-b4b5-99d8e043c7e6